 Dungeon Sprint DCSS version 0.17-a0-1946-gfb768fe (webtiles) character file.

599 esc the Insei (level 7, 0/54 HPs)
             Began as an Octopode Transmuter on Oct 1, 2015.
             Was an Initiate of Cheibriados.
             Slain by a centaur warrior (4 damage)
             ... in the Dungeon (Sprint I: "Red Sonja").
             The game lasted 00:02:57 (1196 turns).

esc the Insei (Octopode Transmuter)                 Turns: 1196, Time: 00:02:57

Health: 0/54       AC:  2    Str: 10    XL:     7   Next: 41%
Magic:  9/16       EV: 26    Int: 19    God:    Cheibriados [......]
Gold:   405        SH:  0    Dex: 18    Spells: 2 memorised, 15 levels left

rFire  . . .     SeeInvis .       - Unarmed
rCold  . . .     Clarity  .     (shield currently unavailable)
rNeg   . . .     SustAt   .     (helmet currently unavailable)
rPois  x         Gourm    .     (no amulet)
rElec  .         Spirit   .     (no ring)
rCorr  .         Warding  .     (no ring)
rMut   .         NoTele   +     (no ring)
MR     .....                    (no ring)
Stlth  ++........               (no ring)
                                (no ring)
                                (no ring)
                                (no ring)

@: spider-form, very slightly contaminated, very slow, not resistant to hostile
enchantments, unstealthy
A: almost no armour, amphibious, 8 rings, (constrict 8), (camouflage 0),
(gelatinous body 0)
a: End Transformation, Bend Time, Renounce Religion


You were in the Dungeon.
You worshipped Cheibriados.
Cheibriados was noncommittal.
You were not hungry.
You were a venomous arachnid creature.
You visited 1 branch You collected 405 gold pieces.

Inventory:

Missiles
 a - 12 arrows
Jewellery
 k - an uncursed ring of ice {rC+, rF-}
   (You found it in the Dungeon)
Magical devices
 j - a wand of fire (9)
   (You found it in the Dungeon)
Potions
 f - a potion of haste
 g - 2 potions of magic
 h - a potion of berserk rage {!q}
Books
 b - a book of Changes


   Skills:
 + Level 7.0 Fighting
 + Level 7.2 Dodging
 + Level 7.6 Unarmed Combat
 + Level 6.6 Spellcasting
 + Level 7.2 Transmutations


You had 15 spell levels left.
You knew the following spells:

 Your Spells              Type           Power        Failure   Level  Hunger
a - Beastly Appendage     Trmt           ####..       4%          1    None
c - Spider Form           Trmt/Pois      ###.......   24%         3    ##.....


Dungeon Overview and Level Annotations

Branches:
Dungeon (1/1)

Altars:
Cheibriados
Dithmenos
Elyvilon
Fedhas
Gozag
Kikubaaqudgha
Makhleb
Nemelex Xobeh
Okawaru
Qazlal
Ru
Sif Muna
Trog
Vehumet
Xom
Yredelemnul
Zin
The Shining One
Jiyva

Shops:
D :


Innate Abilities, Weirdness & Mutations

You cannot wear most types of armour.
You are amphibious.
You can wear up to eight rings at the same time.
((You can use your tentacles to constrict eight enemies at once.))
((Your skin changes colour to match your surroundings (Stealth).))
((Your rubbery body absorbs attacks (AC +1).))


Message History

There is an open door here.
You open the door.
Your transformation has ended.
There is an open door here.
You now have 324 gold pieces (gained 27).
There is an open door here.
There is a shadowy altar of Dithmenos here.
There is a snail-covered altar of Cheibriados here.
You curl up in front of the altar of Cheibriados.
Cheibriados welcomes you!
Cheibriados begins to support your attributes as your movement slows.
You can now bend time to slow others.
MP restored: 16
There is an open door here.
You now have 351 gold pieces (gained 27).
You now have 378 gold pieces (gained 27).
You now have 405 gold pieces (gained 27).
You start resting.
You are feeling very hungry.
You regained 10 hp, and now have 37/54 hp.
Eat which item? (? for menu, Esc to quit)
You continue eating. x2
You finish eating.
That bread ration really hit the spot!
You start resting.
Health restored: 54
Okay, then.
There is an open door here.
There is a shadowy altar of Dithmenos here.
There is a snail-covered altar of Cheibriados here.
There is an open door here.
There is an open door here.
Read which item? (? for menu, Esc to quit)
Okay, then.
You miscast Spider Form.
You are very lightly contaminated with residual magic.
Your tentacles glow momentarily.
You now have 13/16 mp.
You miscast Spider Form.
You feel faint for a moment.
You now have 10/16 mp.
You turn into a venomous arachnid creature.
You now have 7/16 mp.
You open the door. 2 centaur warriors come into view.
There is an open door here.
Read which item? (? for menu, Esc to quit)
Really read
i - a scroll of blinking {!r}?
Blink to where?
As you read the scroll of blinking {!r}, it crumbles to dust.
The helpless centaur warrior fails to defend itself.
You bite the centaur warrior!
The centaur warrior is poisoned.
The centaur warrior shouts!
The centaur warrior closely misses you. The centaur warrior hits you!
You take 11 damage, and have 43/54 hp.
MASSIVE DAMAGE!!
You bite the centaur warrior! The centaur warrior misses you.
The centaur warrior completely misses you.
You hit the centaur warrior.
The centaur warrior looks even sicker.
The centaur warrior misses you. x2
The centaur warrior hits you! x2
You take 23 damage, and have 20/54 hp.
MASSIVE DAMAGE!!
You completely miss the centaur warrior.
The centaur warrior closely misses you.
The centaur warrior completely misses you.
You barely miss the centaur warrior. The centaur warrior misses you.
The centaur warrior completely misses you.
You bite the centaur warrior!
The centaur warrior completely misses you. x2
The centaur warrior closely misses you. The centaur warrior hits you!
* * * LOW HITPOINT WARNING * * *
You take 10 damage, and have 10/54 hp.
Unknown command.
You barely miss the centaur warrior.
The centaur warrior completely misses you. x2
You hit the centaur warrior. The centaur warrior closely misses you.
The centaur warrior barely misses you.
Drink which item? (? for menu, Esc to quit)
Not wearing; Degree: 0 You feel much better.
The centaur warrior completely misses you. x3
The centaur warrior hits you!
You regained 9 hp, and now have 20/54 hp.
You hit the centaur warrior but do no damage.
The centaur warrior hits you!
* * * LOW HITPOINT WARNING * * *
The centaur warrior completely misses you.
You take 9 damage, and have 11/54 hp.
Unknown command.
Drink which item? (? for menu, Esc to quit)
Not wearing; Degree: 0 You feel better.
The centaur warrior hits you.
* * * LOW HITPOINT WARNING * * *
The centaur warrior misses you. The centaur warrior hits you!
* * * LOW HITPOINT WARNING * * *
You take 7 damage, and have 4/54 hp.
Unknown command.
You closely miss the centaur warrior. The centaur warrior misses you.
The centaur warrior hits you.
You die...

##################
..)..#.)'..#__#..+
).#..'..#..'..'..#
####'#####'#__####
###..#...#.####§§#
__####..##.#§≈§§c#
_..__##'#..'≈§§§s+
_.∩...'..._#≈≈§§c#
_..._##_.#'##+####
_____###+#.#
###### ###


You could see 2 centaur warriors.

Vanquished Creatures
  A slime creature (D)
  Sigmund (D)
  A yak (D)
  An ogre (D)
  A jelly (D)
  Ijyb (D)
6 creatures vanquished.

Vanquished Creatures (others)
  2 wasps (D)
2 creatures vanquished.

Grand Total: 8 creatures vanquished

Notes
Turn   | Place    | Note
--------------------------------------------------------------
     0 | D        | esc the Octopode Transmuter began the quest for the Orb.
     0 | D        | Reached XP level 1. HP: 13/13 MP: 3/3
     2 | D        | Noticed Ijyb
    12 | D        | Killed Ijyb
    12 | D        | Reached skill level 2 in Fighting
    12 | D        | Reached skill level 3 in Dodging
    12 | D        | Reached skill level 4 in Unarmed Combat
    12 | D        | Reached skill level 3 in Spellcasting
    12 | D        | Reached skill level 3 in Transmutations
    12 | D        | Reached XP level 2. HP: 6/20 MP: 3/6
    12 | D        | Reached XP level 3. HP: 7/25 MP: 3/7
   239 | D        | Learned a level 3 spell: Spider Form
   240 | D        | Noticed an ogre
   246 | D        | HP: 2/25 [ogre/giant club (14)]
   249 | D        | Killed an ogre
   249 | D        | Reached skill level 4 in Fighting
   249 | D        | Reached skill level 4 in Dodging
   249 | D        | Reached skill level 5 in Unarmed Combat
   249 | D        | Reached skill level 4 in Spellcasting
   249 | D        | Reached skill level 4 in Transmutations
   249 | D        | Reached XP level 4. HP: 2/33 MP: 6/10
   604 | D        | Noticed Sigmund
   614 | D        | Killed Sigmund
   614 | D        | Reached skill level 5 in Fighting
   614 | D        | Reached skill level 5 in Dodging
   614 | D        | Reached skill level 6 in Unarmed Combat
   614 | D        | Reached skill level 5 in Spellcasting
   614 | D        | Reached skill level 5 in Transmutations
   614 | D        | Reached XP level 5. HP: 16/39 MP: 8/12
   614 | D        | Reached XP level 6. HP: 18/45 MP: 9/14
   789 | D        | Found a deep blue altar of Sif Muna.
   790 | D        | Noticed a jelly
   791 | D        | Found a radiant altar of Vehumet.
   796 | D        | Killed a jelly
   796 | D        | Reached skill level 6 in Dodging
   796 | D        | Reached skill level 6 in Transmutations
   898 | D        | Found Ishuy's Book Emporium.
   898 | D        | Found a white marble altar of Elyvilon.
   898 | D        | Found a stormy altar of Qazlal.
   898 | D        | Found a burning altar of Makhleb.
   898 | D        | Found a sacrificial altar of Ru.
   898 | D        | Found a basalt altar of Yredelemnul.
   898 | D        | Found a glowing golden altar of the Shining One.
   898 | D        | Found a sparkling altar of Nemelex Xobeh.
   898 | D        | Found a shimmering altar of Xom.
   898 | D        | Found an opulent altar of Gozag.
   898 | D        | Found an ancient bone altar of Kikubaaqudgha.
   898 | D        | Found a glowing silver altar of Zin.
   898 | D        | Noticed a yak
   899 | D        | Found an iron altar of Okawaru.
   903 | D        | Killed a yak
   903 | D        | Reached skill level 6 in Fighting
   903 | D        | Reached skill level 7 in Unarmed Combat
   903 | D        | Reached skill level 6 in Spellcasting
   903 | D        | Reached XP level 7. HP: 37/53 MP: 11/16
   904 | D        | Found a bloodstained altar of Trog.
   972 | D        | Killed a wasp
   984 | D        | Killed a wasp
   997 | D        | Found a snail-covered altar of Cheibriados.
   997 | D        | Found a viscous altar of Jiyva.
   997 | D        | Found a shadowy altar of Dithmenos.
   997 | D        | Found a blossoming altar of Fedhas.
   997 | D        | Noticed a slime creature
  1004 | D        | Killed a slime creature
  1004 | D        | Reached skill level 7 in Fighting
  1004 | D        | Reached skill level 7 in Dodging
  1004 | D        | Reached skill level 7 in Transmutations
  1015 | D        | Became a worshipper of Cheibriados the Contemplative
  1184 | D        | Noticed a centaur warrior
  1184 | D        | Noticed a centaur warrior
  1190 | D        | HP: 10/54 [centaur warrior (10)]
  1195 | D        | HP: 4/54 [centaur warrior (11)]
  1196 | D        | Slain by a centaur warrior

Vault maps used:
D:        dungeon_sprint_1

Action                   |  1- 3 |  4- 6 |  7- 9 || total
-------------------------+-------+-------+-------++-------
Melee: Unarmed           |    13 |    14 |    16 ||    43
 Cast: Beastly Appendage |     1 |       |       ||     1
       Spider Form       |     1 |     3 |     2 ||     6
  Use: Scroll            |       |     1 |     1 ||     2
       Potion            |       |       |     2 ||     2
 Stab: Sleeping          |     1 |     2 |     1 ||     4
  Eat: Bread ration      |       |       |     1 ||     1

Vault maps used:
D:        dungeon_sprint_1

Table legend:
 A = Turns spent in this place as a percentage of turns spent in the entire game.
 B = Non-inter-level travel turns spent in this place as a percentage of non-inter-level travel turns spent in the entire game.
 C = Inter-level travel turns spent in this place as a percentage of turns spent in this place.
 D = Turns resting spent in this place as a percentage of non-inter-level travel turns spent in this place.
 E = Turns spent auto-exploring this place as a percentage of non-inter-level travel turns spent in this place.
 F = Non-inter-level travel turns spent in this place divided by the number of levels of this place that you've seen.
                   A       B       C       D       E      F
               +-------+-------+-------+-------+-------+----------------------
         Total | 100.0 | 100.0 |   0.0 |  11.2 |   0.0 | 188.0
       Dungeon | 100.0 | 100.0 |   0.0 |  11.2 |   0.0 | 188.0
               +-------+-------+-------+-------+-------+----------------------

Table legend:
 A = Kills in this place as a percentage of kills in entire the game.
 B = Kills by you in this place as a percentage of kills by you in the entire game.
 C = Kills by friends in this place as a percentage of kills by friends in the entire game.
 D = Other kills in this place as a percentage of other kills in the entire game.
 E = Experience gained in this place as a percentage of experience gained in the entire game.
 F = Experience gained in this place divided by the number of levels of this place that you have seen.
                   A       B       C       D       E      F
               +-------+-------+-------+-------+-------+----------------------
         Total | 100.0 | 100.0 |  -nan |  -nan | 100.0 | 857.0
       Dungeon | 100.0 | 100.0 |  -nan |  -nan | 100.0 | 857.0
               +-------+-------+-------+-------+-------+----------------------
